 Dungeon Crawl Stone Soup version 0.30.1-11-g7821555f0a (webtiles) character file.

Game seed: 1479591053060524144

15115 Peloso the Protected (level 11, 0/101 HPs)
             Began as a Minotaur Fighter on Dec 16, 2023.
             Was a High Priest of Okawaru.
             Killed from afar by an ice statue (9 damage)
             ... with a bolt of cold
             ... in an ice cave.
             The game lasted 00:28:22 (14635 turns).

Peloso the Protected (Minotaur Fighter)            Turns: 14635, Time: 00:28:22

Health: 0/101      AC: 18    Str: 21    XL:     11   Next: 97%
Magic:  10/10      EV:  9    Int:  8    God:    Okawaru [*****.]
Gold:   700        SH: 17    Dex: 14    Spells: 10/10 levels left

rFire   + . .        a - +4 scimitar (heavy)
rCold   + + .        d - +0 tower shield {rC+}
rNeg    . . .        m - +0 chain mail {rC+}
rPois   .            (helmet restricted)
rElec   .            (no cloak)
rCorr   .            O - +0 pair of gloves
SInv    .            B - +2 pair of boots
Will    +....        (no amulet) Stlth
                     D - ring of Uzeadiav {+Blink rF+ Will+ Int+3}
HPRegen 0.36/turn    l - ring of flight
MPRegen 0.12/turn

%: no passive effects
@: flying, slowed, studying Armour, very slow
A: horns 2, retaliatory headbutt
a: Renounce Religion, Evoke Blink, Heroism, Finesse, Duel


You were in an ice cave.
You worshipped Okawaru.
Okawaru was extremely pleased with you.
You visited 2 branches of the dungeon, and saw 12 of its levels.
You also visited: Bailey and Ice Cave.

You collected 772 gold pieces.
You spent 72 gold pieces at shops.

Inventory:

Hand Weapons
 a - a +4 heavy scimitar (weapon)
 b - a +3 long sword
 c - a +0 whip of flaming
Armour
 d - a +0 tower shield of cold resistance (worn)
 m - a +0 chain mail of cold resistance (worn)
 A - a +0 plate armour
 B - a +2 pair of boots (worn)
 F - a +1 chain mail of poison resistance
 O - a +0 pair of gloves (worn)
Jewellery
 l - a ring of flight (right hand)
 o - a +6 ring of strength
 r - a +4 ring of protection
 w - a ring of willpower
 D - the ring of Uzeadiav (left hand) {+Blink rF+ Will+ Int+3}
   (You found it on level 5 of the Dungeon)

   [ring of protection from fire]

   Int:       It affects your intelligence (+3).
   rF:        It protects you from fire.
   +Blink:    It lets you blink.
   Will:      It increases your willpower.
Wands
 t - a wand of digging (4)
 x - a wand of mindburst (9)
 z - a wand of paralysis (14)
 C - a wand of roots (3)
Scrolls
 e - 2 scrolls of blinking
 h - 2 scrolls of silence {unknown}
 i - 4 scrolls of teleportation
 j - 4 scrolls of immolation
 n - 7 scrolls of enchant weapon
 q - a scroll of enchant armour
 s - a scroll of fear
 y - 3 scrolls of fog
 E - a scroll of amnesia
 K - a scroll of magic mapping {unknown}
 M - a scroll of poison {unknown}
Potions
 f - 3 potions of curing
 g - 4 potions of might
 k - 4 potions of mutation
 p - 4 potions of flight {unknown}
 u - 3 potions of brilliance
 v - a potion of ambrosia {unknown}
 G - 2 potions of lignification {unknown}
 H - a potion of attraction {unknown}
 I - a potion of cancellation {unknown}
 J - a potion of magic {unknown}
 L - a potion of invisibility {unknown}


   Skills:
 + Level 10.3 Fighting
 + Level 13.2 Long Blades
 + Level 13.4 Armour
 + Level 5.4 Dodging
 + Level 4.0 Stealth
 + Level 11.3 Shields
 + Level 1.0 Invocations
 + Level 0.7 Evocations


You had 10 spell levels left.
You didn't know any spells.
Your spell library contained the following spells:

 Spells                   Type           Power      Damage    Failure   Level
 Magic Dart               Conj           0%         1d3       100%        1
 Blink                    Tloc           0%         N/A       100%        2
 Lesser Beckoning         Tloc           0%         N/A       100%        2
 Momentum Strike          Conj/Tloc      0%         3d8       100%        2
 Searing Ray              Conj           0%         2d4       100%        2
 Fulminant Prism          Conj/Hex       0%         3d5       100%        4
 Passage of Golubria      Tloc           0%         N/A       100%        4
 Silence                  Hex/Air        0%         N/A       100%        5
 Eringya's Noxious Bog    Tmut/Pois      0%         N/A       100%        6
 Lehudib's Crystal Spear  Conj/Erth      0%         10d2      100%        8
 Summon Forest            Summ/Tloc      Unusable   N/A       N/A         5
 Summon Hydra             Summ           Unusable   N/A       N/A         7

Dungeon Overview and Level Annotations

Branches:
Dungeon (11/15)            Temple (1/1) D:6            Lair (0/5) D:9
 Bailey (visited)           IceCv (1/1)
    Orc: D:9-12

Altars:
Ashenzari
Cheibriados
Dithmenos
Elyvilon
Fedhas
Gozag
Hepliaklqana
Kikubaaqudgha
Makhleb
Nemelex Xobeh
Okawaru
Qazlal
Ru
Sif Muna
Trog
Uskayaw
Vehumet
Wu Jian
Xom
Yredelemnul
Zin
The Shining One

Shops:
D:1 =   D:7 [*

Annotations:
IceCv exclusion: ice statue


Innate Abilities, Weirdness & Mutations

You have a pair of horns on your head.
You reflexively headbutt those who attack you in melee.


Message History

Marking area around an ice statue as unsafe for travelling.
You feel much better. The wolf simulacrum closely misses you.
You furiously retaliate!
You headbutt the wolf simulacrum.
The ice statue gestures.
The wolf simulacrum closely misses you. You furiously retaliate!
You headbutt the wolf simulacrum!
The wolf simulacrum vaporises!
Okawaru accepts your kill.
You fail to use your ability.
The ice beast hits you but does no damage.
The ice statue gestures at you. The freezing blast engulfs you. You resist.
The polar bear simulacrum bites you. The polar bear simulacrum freezes you.
You resist.
You block the polar bear simulacrum's attack. x2
You slash the ice statue!
The ice statue is lightly damaged.
You are engulfed in freezing vapours.
You resist. The ice statue gestures at you. The freezing blast engulfs you.
You resist. You block the ice beast's attack.
The polar bear simulacrum closely misses you.
You block the polar bear simulacrum's attack.
The polar bear simulacrum claws you but does no damage.
The ice statue gestures at you. The shard of ice hits you!
You partially resist.
* * * LOW HITPOINT WARNING * * *
The ice beast hits you.
* * * LOW HITPOINT WARNING * * *
The ice beast freezes you. You resist.
* * * LOW HITPOINT WARNING * * *
You block the ice beast's attack.
You slice the ice statue!!
You headbutt the ice statue, but do no damage.
The ice statue is heavily damaged.
You are engulfed in freezing vapours.
You resist.
* * * LOW HITPOINT WARNING * * *
A wolf simulacrum comes into view.
The ice statue gestures at you. The bolt of cold hits you! You resist.
You die...

### .○##
###○○○#
##○°°°○
###.○Z°#
#.^○Y@#
#...○8Y#
#..^..○#
.
#..#....#
._ ##
##...Z
... ##...
#### .Z4.
##..
##..#


Z4.ZZ ###. ##...#...Z4. #..#.4Z.# You could see an ice statue, 2 ice beasts, a
wolf simulacrum and a polar bear simulacrum.

Vanquished Creatures
  2 two-headed ogres (D:9)
  3 death yaks (D:9)
  Pikel (D:5)
  An ugly thing (IceCv)
  2 komodo dragons (D:10)
  An anaconda simulacrum (IceCv)
  A freezing wraith (IceCv)
  3 ice devils (IceCv)
  3 trolls
  A hornet (D:9)
  Sigmund (D:4)
  A dire elephant simulacrum (IceCv)
  2 vampires
  Eustachio (D:6)
  12 yaks
  2 steam dragons
  Menkaure (D:7)
  A hydra simulacrum (IceCv)
  Edmund (D:4)
  3 water moccasins
  13 orc warriors
  An ice beast (D:5)
  2 black bears
  An ogre (D:5)
  11 centaurs
  3 kobold brigands
  2 bullfrogs
  A gnoll sergeant (D:8)
  A two-headed ogre simulacrum (IceCv)
  2 cane toad simulacra (IceCv)
  13 wights
  3 elephant simulacra (IceCv)
  10 howler monkeys
  An electric eel (D:7)
  2 jellies (D:7)
  4 orc priests
  A gnoll bouda (D:10)
  4 hounds
  6 iguanas
  A sleepcap (D:5)
  Natasha (thrice) (D:3)
  3 orc wizards
  A troll simulacrum (IceCv)
  2 spriggan simulacra (IceCv)
  2 polar bear simulacra (IceCv)
  3 wolf simulacra (IceCv)
  9 gnolls
  11 adders
  A naga simulacrum (IceCv)
  A river rat (D:9)
  A shadow imp (D:6)
  3 ufetubi
  2 worms (D:4)
  4 dart slugs
  61 orcs
  8 ball pythons
  4 bats
  6 endoplasms
  3 giant cockroaches
  9 hobgoblins
  10 jackals
  19 kobolds
  3 quokkas
  3 frilled lizards
  10 goblins
  9 rats
316 creatures vanquished.

Notes
Turn   | Place    | Note
-------+----------+-------------------------------------------
     0 | D:1      | Peloso the Minotaur Fighter began the quest for the Orb.
     0 | D:1      | Reached XP level 1. HP: 19/19 MP: 0/0
   179 | D:1      | Found Mysiref's Jewellery Boutique.
   308 | D:1      | Reached XP level 2. HP: 25/27 MP: 1/1
   649 | D:1      | Reached XP level 3. HP: 32/33 MP: 2/2
   703 | D:1      | Reached skill level 5 in Long Blades
   703 | D:1      | Reached XP level 4. HP: 44/44 MP: 3/3
  1792 | D:3      | Noticed Natasha
  1798 | D:3      | Killed Natasha
  1799 | D:3      | Reached XP level 5. HP: 46/51 MP: 4/4
  1812 | D:3      | Noticed Natasha
  1822 | D:3      | Killed Natasha
  1983 | D:3      | Noticed Natasha
  1992 | D:3      | Killed Natasha
  2799 | D:4      | Reached XP level 6. HP: 33/58 MP: 5/5
  3354 | D:4      | Noticed Sigmund
  3392 | D:4      | Killed Sigmund
  3393 | D:4      | Reached XP level 7. HP: 23/64 MP: 6/6
  3841 | D:4      | Found an iron altar of Okawaru.
  3847 | D:4      | Found a blossoming altar of Fedhas.
  3847 | D:4      | Found a shimmering altar of Xom.
  3850 | D:4      | Found a shimmering altar of Xom.
  3850 | D:4      | Found an iron altar of Okawaru.
  3850 | D:4      | Found a shimmering altar of Xom.
  4005 | D:4      | Noticed Edmund
  4019 | D:4      | Killed Edmund
  4165 | D:5      | Entered Level 5 of the Dungeon
  4536 | D:5      | Reached XP level 8. HP: 71/71 MP: 7/7
  4632 | D:6      | Found a staircase to the Ecumenical Temple.
  4635 | D:6      | Noticed Eustachio
  4647 | Temple   | Entered the Ecumenical Temple
  4868 | Temple   | Became a worshipper of Warmaster Okawaru
  5089 | D:6      | Killed Eustachio
  6206 | D:5      | Identified the ring of Uzeadiav {+Blink rF+ Will+ Int+3}
  6206 | D:5      | Noticed Pikel
  6235 | D:5      | Killed Pikel
  6235 | D:5      | Reached * piety under Okawaru
  6236 | D:5      | Reached XP level 9. HP: 73/79 MP: 8/8
  6349 | D:5      | Reached ** piety under Okawaru
  6561 | D:7      | Found a flagged portal.
  6583 | Bailey   | Entered a bailey
  6616 | Bailey   | HP: 1/79 [centaur/+0 halberd (5)]
  7678 | Bailey   | Reached *** piety under Okawaru
  7679 | Bailey   | Reached XP level 10. HP: 49/89 MP: 9/9
  8642 | D:7      | Reached skill level 10 in Long Blades
  8642 | D:7      | Found Huseit's Antique Armour Shoppe.
  9009 | D:7      | Reached skill level 10 in Shields
  9018 | D:7      | Reached skill level 10 in Armour
  9561 | D:7      | Found Louts's Antique Armour Shop.
  9672 | D:7      | Found Myqal's Assorted Antiques.
  9678 | D:7      | Bought a scroll labelled ITTIXI YRABB for 25 gold pieces
  9678 | D:7      | Bought a scroll labelled FUCHUE VOCAQ for 25 gold pieces
  9678 | D:7      | Bought an orange potion for 22 gold pieces
  9815 | D:7      | Noticed Menkaure
  9834 | D:7      | Killed Menkaure
 10102 | D:8      | Reached skill level 5 in Dodging
 11837 | D:9      | Reached **** piety under Okawaru
 12166 | D:9      | Reached XP level 11. HP: 92/97 MP: 7/10
 12228 | D:9      | Noticed a two-headed ogre
 12237 | D:9      | Killed a two-headed ogre
 12356 | D:9      | Found a staircase to the Lair.
 12357 | D:9      | Noticed a death yak
 12364 | D:9      | Noticed a death yak
 12381 | D:9      | Noticed a death yak
 12386 | D:9      | Killed a death yak
 12392 | D:9      | Killed a death yak
 12392 | D:9      | Reached ***** piety under Okawaru
 12404 | D:9      | Killed a death yak
 12917 | D:9      | Noticed a two-headed ogre
 12926 | D:9      | Killed a two-headed ogre
 13132 | D:10     | Entered Level 10 of the Dungeon
 13151 | D:10     | Reached skill level 1 in Invocations
 13387 | D:10     | Identified the +9 short sword "Efocos" {antimagic, rPois
                  | Str+5 Dex-2}
 13565 | D:10     | Reached skill level 10 in Fighting
 13799 | D:11     | Found a frozen archway.
 13819 | IceCv    | Entered an ice cave
 13826 | IceCv    | Received a gift from Okawaru
 13917 | IceCv    | Noticed a white ugly thing
 14254 | IceCv    | Killed a white ugly thing
 14610 | IceCv    | Found an ancient bone altar of Kikubaaqudgha.
 14635 | IceCv    | Killed from afar by an ice statue

Illustrated notes

Levels and vault maps discovered:
D:1:      dpeg_cavernosity, layout_rooms, serial_shops,
          nicolae_shop_gaudy_bauble
D:2:      layout_basic
D:3:      layout_basic, minmay_circle_x, uniq_natasha
D:4:      layout_basic, doesnt_xom_only_xom, sigmund_edmund_badplayer
D:5:      layout_loops_ring, uniq_pikel
D:6:      layout_cave_pods, minmay_temple_entry_glass, wad_floor_pattern_1,
          eino_tiny_chamber, lightli_minifort, uniq_eustachio
D:7:      layout_basic, enter_bailey_3, serial_shops, nicolae_shop_tiny_glass,
          shop, nicolae_shop_rolling_square, hex_tiny, abandoned_shop,
          minivault_4, uniq_menkaure
D:8:      layout_basic, grunt_decor_junction, nzn_life_drinkers
D:9:      layout_small_grid, dpeg_lair_monsters
D:10:     layout_cave_pools
D:11:     layout_roguey, portal_ice_cave_entry_pillars_2
Temple:   minmay_crystal_snake_temple
IceCv:    ice_cave_small_necro

Skill      XL: |  1  2  3  4  5  6  7  8  9 10 11 |
---------------+----------------------------------+-----
Armour         | 4 6 7 8 9 11 13 | 13.4
Shields        | 4 6 7 8 9 10 11 | 11.3
Fighting       | 6 7 8 9 10 | 10.3
Long Blades    | 5 6 7 9 11 13 | 13.2
Dodging        | 4 5 |  5.4
Stealth        | 3 4 |  4.0
Invocations    | 1 |  1.0
Evocations     | |  0.7

Action                     |  1- 3 |  4- 6 |  7- 9 | 10-12 || total
---------------------------+-------+-------+-------+-------++-------
  Melee: Long sword        |    52 |   185 |   360 |   469 ||  1066
         Headbutt          |     5 |    24 |    78 |   119 ||   226
         Scimitar          |       |       |       |    62 ||    62
 Invoke: Heroism           |       |       |     5 |    10 ||    15
  Evoke: Wand              |       |       |     4 |     9 ||    13
    Use: Potion            |     4 |       |     1 |     3 ||     8
         Scroll            |       |     4 |       |    10 ||    14
   Stab: Sleeping          |       |     1 |       |       ||     1
 Armour: Scale mail        |    45 |    46 |       |       ||    91
         Chain mail        |       |    47 |    89 |   137 ||   273
         Plate armour      |       |       |   171 |   161 ||   332
  Dodge: Dodged            |    42 |    74 |   191 |   220 ||   527
  Block: Buckler           |    12 |    62 |   181 |   165 ||   420
         Tower shield      |       |       |       |    35 ||    35
